 Dungeon Crawl Stone Soup version 0.31.0-9-g3a7656b989 (webtiles) character file.

Game seed: 14316072806114963404

54 qw the Shooter (level 3, 0/20 HPs)
             Began as a Deep Elf Hunter on Feb 2, 2024.
             Slain by Pargi (2 damage)
             ... on level 2 of the Dungeon.
             The game lasted 00:00:05 (1631 turns).

qw the Shooter (Deep Elf Hunter)                    Turns: 1631, Time: 00:00:06

Health: 0/20       AC:  7    Str: 10    XL:     3   Next: 66%
Magic:  5/5        EV: 11    Int: 13    God:
Gold:   144        SH:  0    Dex: 18    Spells: 2/2 levels left

rFire   . . .        a - +1 shortbow
rCold   . . .        (shield currently unavailable)
rNeg    . . .        i - +0 ring mail
rPois   .            (no helmet)
rElec   .            (no cloak)
rCorr   .            (no gloves)
SInv    .            f - +1 pair of boots
Will    .....        d - amulet of faith
Stlth   +            (no ring)
HPRegen 0.23/turn    (no ring)
MPRegen 0.09/turn

%: faith
@: about to teleport
A: no striking features
a: no special abilities


You were on level 2 of the Dungeon.
You visited 1 branch of the dungeon, and saw 3 of its levels.

You collected 144 gold pieces.


   Skills:
 - Level 1.5 Fighting
 + Level 7.2 Ranged Weapons
 - Level 2.4 Dodging
 - Level 1.2 Stealth


You had 2 spell levels left.
You didn't know any spells.
Your spell library was empty.

Inventory:

Hand Weapons
 a - a +1 shortbow (weapon)
Armour
 f - a +1 pair of boots (worn)
 i - a +0 ring mail (worn)
Jewellery
 d - an amulet of faith (around neck)
Scrolls
 b - a scroll of teleportation
 c - a scroll of identify
Potions
 e - a potion of heal wounds
 k - a potion of might
 l - a potion of curing

Dungeon Overview and Level Annotations

Branches:
Dungeon (3/15)

Altars:

Shops:
D:1 :

Annotations:
D:2 Pargi


Message History

Waypoint 2 assigned to D:3.
You shoot an arrow. The arrow hits Pargi.
Pargi is lightly wounded.
You shoot an arrow. The arrow closely misses Pargi.
You shoot an arrow.
The arrow hits Pargi but does no damage.
Pargi is lightly wounded.
An adder comes into view.
1622 ||| STAIRDANCE Pargi barely misses you.
Pargi claws you but does no damage. Pargi closely misses you.
You climb upwards.
There is a stone staircase leading down here.
You shoot an arrow. The arrow closely misses Pargi.
Pargi bites you but does no damage. Pargi barely misses you. Pargi claws you.
You shoot an arrow. The arrow hits Pargi.
Pargi is lightly wounded.
Pargi bites you. Pargi barely misses you. Pargi claws you but does no damage.
You shoot an arrow. The arrow closely misses Pargi.
Pargi bites you but does no damage. Pargi closely misses you.
Pargi claws you but does no damage. Pargi closely misses you.
Pargi claws you but does no damage. Pargi claws you.
You shoot an arrow. The arrow hits Pargi!
Pargi is moderately wounded.
Pargi barely misses you. Pargi closely misses you.
Pargi claws you but does no damage.
You shoot an arrow. The arrow barely misses Pargi.
Pargi bites you but does no damage. Pargi barely misses you.
Pargi claws you but does no damage.
You shoot an arrow. The arrow hits Pargi.
Pargi is moderately wounded.
Pargi bites you. Pargi claws you. Pargi claws you but does no damage.
You shoot an arrow. The arrow hits Pargi.
Pargi is moderately wounded.
Pargi bites you!
Pargi closely misses you. x2; Pargi barely misses you.
Pargi misses you. x2
1631 ||| READING 2 scrolls of teleportation.
As you read the scroll of teleportation, it crumbles to dust.
You feel strangely unstable. Pargi bites you.
You die...

#........%....#.#..#############
#..#######.#..#.#..............#
#..#.......#..#.#.############.#
#..#.#.....#..#.#.# #.....#.#
#..#....##.#....#.# #.##.##.#
#..#.#...#.#[...#.# #.##..#.#
#..#..........#...# #.###.#.#
#..#.............T######.###.#.#
#..####..###....@............#.#
#..#...........#.###########.#.#
#..#.##.|......#.# #.#.#
#....##.########.# #.#.#
#..####.# #.###########.#.#
.....<#.# #...............#
##.####.###########..........###
.............................#
##.####.###########..........#


You could see Pargi.

Vanquished Creatures
  2 ribbon worms (D:2)
  A dart slug (D:2)
  7 ball pythons
  5 bats
  4 endoplasms
  3 giant cockroaches (D:2)
  4 goblins
  A hobgoblin (D:2)
  4 quokkas
  4 frilled lizards
  4 kobolds (D:1)
  4 rats
43 creatures vanquished.

Notes
Turn   | Place    | Note
-------+----------+-------------------------------------------
     0 | D:1      | qw the Deep Elf Hunter began the quest for the Orb.
     0 | D:1      | Reached XP level 1. HP: 12/12 MP: 3/3
     0 | D:1      | 0 ||| qw: Version: 0.3-a-155-g5e7d8dd
     0 | D:1      | 0 ||| qw: Game counter: 2087
     0 | D:1      | 0 ||| qw: Melee chars always use a shield: true
     0 | D:1      | 0 ||| qw: God list: Okawaru
     0 | D:1      | 0 ||| qw: Allow faded altars: false
     0 | D:1      | 0 ||| qw: Do Orc after clearing Dungeon:15 true
     0 | D:1      | 0 ||| qw: Do second Lair branch before Depths: true
     0 | D:1      | 0 ||| qw: Lair rune preference: random
     0 | D:1      | 0 ||| qw: Goals: Normal
     0 | D:1      | 0 ||| PLANNING D:1-11
   130 | D:1      | Reached XP level 2. HP: 16/16 MP: 4/4
   134 | D:1      | Reached skill level 6 in Ranged Weapons
   569 | D:1      | Found Ticyesul's Book Shoppe.
   631 | D:1      | 631 ||| UPGRADING to +0 pair of boots.
   636 | D:1      | 636 ||| UPGRADING to +0 ring mail.
   646 | D:1      | 646 ||| DROPPING +0 leather armour.
   647 | D:1      | 647 ||| READING 3 scrolls labelled LITUDO TUNABAA.
   647 | D:1      | 647 ||| IDENTIFYING yellow potion
   648 | D:1      | 648 ||| READING 2 scrolls of identify.
   648 | D:1      | 648 ||| IDENTIFYING bubbling blue potion
   649 | D:1      | 649 ||| READING scroll of identify.
   649 | D:1      | 649 ||| IDENTIFYING bubbling grey potion
   650 | D:1      | 650 ||| READING scroll labelled ESOAPO VETH.
   653 | D:1      | 653 ||| READING scroll labelled VODAXKO SYDA.
   653 | D:1      | 653 ||| ENCHANTING +0 pair of boots.
   654 | D:1      | 654 ||| READING scroll labelled QAUGACAHAB.
   654 | D:1      | 654 ||| ENCHANTING +0 shortbow.
   655 | D:1      | 655 ||| DROPPING scroll of butterflies.
   656 | D:1      | 656 ||| DROPPING potion of lignification.
   707 | D:2      | Reached XP level 3. HP: 20/20 MP: 5/5
  1081 | D:2      | Reached skill level 7 in Ranged Weapons
  1574 | D:2      | 1574 ||| UPGRADING to amulet of faith.
  1579 | D:2      | 1579 ||| READING 2 scrolls of identify.
  1579 | D:2      | 1579 ||| IDENTIFYING coppery potion
  1618 | D:3      | Noticed Pargi
  1622 | D:3      | 1622 ||| STAIRDANCE
  1630 | D:2      | HP: 2/20 [Pargi (7)]
  1631 | D:2      | 1631 ||| READING 2 scrolls of teleportation.
  1631 | D:2      | Slain by Pargi

Levels and vault maps discovered:
D:1:      ncdulo_lavacross, layout_loops_cross, serial_shops,
          nicolae_shop_tiny_real_fake_doors, serial_bayou_pond_d
D:2:      layout_basic, hangedman_decor_lopped, kennysheep_potato
D:3:      layout_basic, uniq_pargi

Skill      XL: |  1  2  3 |
---------------+----------+-----
Ranged Weapons | 6 7 |  7.2
Fighting       | |  1.5
Dodging        | |  2.4
Stealth        | |  1.2

Action                     || total
---------------------------++-------
   Fire: Shortbow          ||   117
    Use: Scroll            ||     8
 Armour: Leather armour    ||     5
         Ring mail         ||    25
  Dodge: Dodged            ||    23

Table legend:
 A = Non-vault XP
 B = Vault XP
 C = Vault XP percentage of total XP
 D = Non-vault monster count
 E = Vault monster count
 F = Vault count percentage of total count
                 A         B        C        D         E       F
            +---------+---------+-------+---------+---------+-------
      Total |      73 |       5 |   6.4 |      41 |       2 |   4.7
            +---------+---------+-------+---------+---------+-------
        D:1 |      39 |       0 |   0.0 |      25 |       0 |   0.0
        D:2 |      34 |       5 |  12.8 |      16 |       2 |  11.1
            +---------+---------+-------+---------+---------+-------
